[Event "Kuwait Championship Stage-I 2024"]
[Site "Qadsiya"]
[Date "2024.01.28"]
[Round "6.8"]
[White "Alasfour, Zaid"]
[Black "AlShourfaa, Hazaa"]
[Result "1-0"]
[ECO "C58"]
[WhiteElo "1188"]
[BlackElo "1701"]
[Annotator "NA RC"]
[PlyCount "109"]
[EventDate "2024.01.22"]
[EventType "swiss"]
[EventCountry "KUW"]
[SourceTitle "playchess.com"]
[Source "ChessBase"]
[SourceQuality "1"]
[TimeControl "5400+30"]

1. e4 Nc6 2. Nf3 e5 3. Bc4 Nf6 4. Ng5 d5 5. exd5 Na5 6. Bb5+ c6 7. dxc6 bxc6 8. Bd3 h6 9. Ne4 Nd5 10. Be2 Be7 11. Bg4 O-O 12. Bxc8 Qxc8 13. d3 f5 14. Nec3 Nf6 15. O-O f4 16. Ne4 Nxe4 17. dxe4 f3 18. Nd2 fxg2 19. Kxg2 Rf4 20. Qh5 Bg5 21. Nf3 Rg4+ 22. Kh1 Bxc1 23. Raxc1 Nc4 24. Rg1 Rxg1+ 25. Rxg1 Qe6 26. Qg6 Qf7 27. Qxf7+ Kxf7 28. b3 Nd6 29. Nxe5+ Kf6 30. Nxc6 Nxe4 31. Kg2 Rc8 32. Nxa7 Rxc2 33. Kf3 Nd2+ 34. Ke3 Rxa2 35. b4 Rxa7 36. Kxd2 Ra2+ 37. Ke3 Rb2 38. Rg4 Rb3+ 39. Ke2 Rb2+ 40. Kf3 g5 41. Rc4 Ke5 42. h4 Rb3+ 43. Kg4 h5+ 44. Kxg5 Rf3 45. Rc2 Rb3 46. f4+ Kd4 47. Kxh5 Rxb4 48. Kg5 Rb5+ 49. f5 Ke5 50. Rf2 Rb8 51. Kg6 Rg8+ 52. Kh7 Rf8 53. Kg7 Rxf5 54. Rxf5+ Kxf5 55. h5 1-0

[Event "Kuwait Championship Stage-I 2024"]
[Site "Qadsiya"]
[Date "2024.01.28"]
[Round "6.9"]
[White "Qabazard, Mohamed"]
[Black "Alsuwailem, Othman"]
[Result "1/2-1/2"]
[ECO "B54"]
[WhiteElo "1533"]
[BlackElo "1366"]
[Annotator "NA RC"]
[PlyCount "104"]
[EventDate "2024.01.22"]
[EventType "swiss"]
[EventCountry "KUW"]
[SourceTitle "playchess.com"]
[Source "ChessBase"]
[SourceQuality "1"]
[TimeControl "5400+30"]

1. e4 c5 2. Nf3 e6 3. d4 cxd4 4. Nxd4 a6 5. c4 Nf6 6. Nc3 d6 7. Be2 Be7 8. O-O O-O 9. Be3 Nc6 10. Nb3 b6 11. f3 Bb7 12. a3 Qc7 13. Qe1 Rac8 14. Rc1 Nd7 15. Qf2 Nc5 16. Nd2 Bf6 17. b4 Bxc3 18. Rxc3 Nd7 19. Nb3 f5 20. exf5 Rxf5 21. Bd3 Rf7 22. Bb1 Nce5 23. Nd4 Nf8 24. Rfc1 Nxc4 25. Ba2 b5 26. Bxc4 bxc4 27. Rxc4 Qd7 28. Rxc8 Bxc8 29. Qc2 Bb7 30. a4 Ng6 31. b5 axb5 32. axb5 Rf8 33. Qc7 Qxc7 34. Rxc7 Bd5 35. b6 Ne5 36. b7 h6 37. Bf2 Kh7 38. Bh4 Rb8 39. Bf6 Rxb7 40. Rxb7 Bxb7 41. Bxe5 dxe5 42. Nxe6 Kg6 43. Kf2 Kf6 44. Nc5 Bc8 45. Ke3 Bf5 46. h4 g5 47. hxg5+ hxg5 48. g3 g4 49. f4 exf4+ 50. Kxf4 Kg6 51. Nb3 Bc8 52. Nd4 Kh5 1/2-1/2

[Event "Kuwait Championship Stage-I 2024"]
[Site "Qadsiya"]
[Date "2024.01.28"]
[Round "6.11"]
[White "Alruwaiyeh, Musa"]
[Black "Almohammad, Hamad"]
[Result "0-1"]
[ECO "B10"]
[WhiteElo "1505"]
[BlackElo "1296"]
[Annotator "NA RC"]
[PlyCount "80"]
[EventDate "2024.01.22"]
[EventType "swiss"]
[EventCountry "KUW"]
[SourceTitle "playchess.com"]
[Source "ChessBase"]
[SourceQuality "1"]
[TimeControl "5400+30"]

1. e4 c6 2. d3 d5 3. Nd2 dxe4 4. dxe4 e5 5. Ngf3 Bg4 6. h3 Bxf3 7. Qxf3 Nf6 8. Bc4 b5 9. Bb3 a5 10. a4 Bc5 11. O-O O-O 12. Rd1 Qe7 13. Nf1 Nbd7 14. Bg5 h6 15. Bh4 Rfd8 16. Ng3 g6 17. Rxd7 Rxd7 18. Bxf6 Qe8 19. Qg4 Kh7 20. Nf5 Bf8 21. h4 Rd2 22. Qf3 Qd7 23. Ng3 bxa4 24. Rxa4 Bc5 25. Ne2 Rd1+ 26. Kh2 Rf1 27. Bxe5 Rxf2 28. Qc3 Qg4 29. Bg3 Bd6 30. e5 Qxe2 31. exd6 Rxg2+ 32. Kh3 Qf1 33. Rf4 Rf2+ 34. Kg4 h5+ 35. Kg5 Qb5+ 36. Kf6 Rxf4+ 37. Bxf4 Qf5+ 38. Ke7 Ra7+ 39. d7 Qxd7+ 40. Kf6 Qf5# 0-1

[Event "Kuwait Championship Stage-I 2024"]
[Site "Qadsiya"]
[Date "2024.01.28"]
[Round "6.12"]
[White "Eidi, Eisa"]
[Black "Al Subaie, Nasser"]
[Result "0-1"]
[ECO "A30"]
[WhiteElo "1306"]
[BlackElo "1457"]
[Annotator "NA RC"]
[PlyCount "70"]
[EventDate "2024.01.22"]
[EventType "swiss"]
[EventCountry "KUW"]
[SourceTitle "playchess.com"]
[Source "ChessBase"]
[SourceQuality "1"]
[TimeControl "5400+30"]

1. d4 Nf6 2. Nf3 e6 3. c4 c5 4. g3 b6 5. Bg2 Bb7 6. Nc3 cxd4 7. Qxd4 Be7 8. O-O O-O 9. b3 Nc6 10. Qd2 Bb4 11. a3 Ne4 12. Qc2 Bxc3 13. Ra2 d5 14. cxd5 exd5 15. Rd1 Bf6 16. Ne1 Nc3 17. Rd2 Nd4 18. Rxd4 Bxd4 19. Bb2 Rc8 20. Bxc3 Bxc3 21. Nd3 Ba6 22. Nf4 Be5 23. Qf5 Rc1+ 24. Bf1 Bxf4 25. Qxf4 Qc8 26. Kg2 Rc2 27. Rxc2 Qxc2 28. Qd6 Bxe2 29. Bxe2 Qxe2 30. Qxd5 Re8 31. Qd7 Qe7 32. Qb5 h6 33. h4 Qe4+ 34. Kg1 Rd8 35. Qf1 Qf3 0-1

[Event "Kuwait Championship Stage-I 2024"]
[Site "Qadsiya"]
[Date "2024.01.30"]
[Round "7.1"]
[White "Alhejab, Meshal"]
[Black "Hussain, Hashem"]
[Result "1/2-1/2"]
[ECO "B35"]
[WhiteElo "1787"]
[BlackElo "1642"]
[Annotator "NA RC"]
[PlyCount "66"]
[EventDate "2024.01.22"]
[EventType "swiss"]
[EventCountry "KUW"]
[SourceTitle "playchess.com"]
[Source "ChessBase"]
[SourceQuality "1"]
[TimeControl "5400+30"]

1. e4 c5 2. Nf3 g6 3. d4 cxd4 4. Nxd4 Nc6 5. Nc3 Bg7 6. Be3 Nf6 7. Bc4 Qa5 8. Nb3 Qb4 9. Nd2 Qxb2 10. Nb5 Qe5 11. f4 Qb8 12. e5 Nxe5 13. fxe5 Qxe5 14. Kf2 d5 15. Be2 O-O 16. h3 a6 17. Nd4 Qd6 18. c3 e5 19. N4b3 Nd7 20. Bf3 Qf6 21. Kg1 e4 22. Bd4 Qg5 23. Be2 Ne5 24. Nf1 Be6 25. Qd2 Qd8 26. Nc5 b5 27. a4 Nc4 28. Bxc4 bxc4 29. Nxe6 fxe6 30. Bxg7 Kxg7 31. Ne3 Kg8 32. a5 Rb8 33. Ng4 Qc7 1/2-1/2

[Event "Kuwait Championship Stage-I 2024"]
[Site "Qadsiya"]
[Date "2024.01.30"]
[Round "7.2"]
[White "Alenezi, Hamad"]
[Black "Al Ibrahim, Abdulrahman"]
[Result "0-1"]
[ECO "C45"]
[WhiteElo "1419"]
[BlackElo "1854"]
[Annotator "NA RC"]
[PlyCount "74"]
[EventDate "2024.01.22"]
[EventType "swiss"]
[EventCountry "KUW"]
[SourceTitle "playchess.com"]
[Source "ChessBase"]
[SourceQuality "1"]
[TimeControl "5400+30"]

1. e4 e5 2. Nf3 Nc6 3. d4 exd4 4. Nxd4 Nf6 5. Nxc6 bxc6 6. e5 Qe7 7. Qe2 Nd5 8. g3 f6 9. c4 Ba6 10. Bg2 Nb6 11. b3 Qxe5 12. Qxe5+ fxe5 13. O-O Bc5 14. Bb2 O-O 15. Nd2 Rae8 16. Ne4 Be7 17. Rfd1 d5 18. cxd5 cxd5 19. Nc3 Bc5 20. Rd2 c6 21. Rc1 Bd4 22. Nd1 Bxb2 23. Rxb2 Bb7 24. Ne3 e4 25. Rd2 Nd7 26. Rdc2 Ne5 27. Nd1 Nd3 28. Ra1 c5 29. Bf1 d4 30. Bg2 Ne1 31. Rxc5 Nxg2 32. Kxg2 e3+ 33. Kg1 e2 34. Ne3 dxe3 35. f4 Rd8 36. Rcc1 Bf3 37. Re1 Rd1 0-1

[Event "Kuwait Championship Stage-I 2024"]
[Site "Qadsiya"]
[Date "2024.01.30"]
[Round "7.3"]
[White "Aldaihani, Turki"]
[Black "Alsaqer, Meshal"]
[Result "0-1"]
[ECO "C00"]
[WhiteElo "1475"]
[BlackElo "1753"]
[Annotator "NA RC"]
[PlyCount "74"]
[EventDate "2024.01.22"]
[EventType "swiss"]
[EventCountry "KUW"]
[SourceTitle "playchess.com"]
[Source "ChessBase"]
[SourceQuality "1"]
[TimeControl "5400+30"]

1. e4 e6 2. d3 d5 3. Nd2 c5 4. Ngf3 Nc6 5. g3 Nf6 6. Bg2 Be7 7. O-O O-O 8. Re1 b5 9. e5 Nd7 10. Nf1 Qc7 11. Bf4 Bb7 12. h4 Rfc8 13. N1h2 Nd4 14. h5 h6 15. g4 Rab8 16. Qd2 Nxf3+ 17. Nxf3 d4 18. g5 Bxf3 19. Bxf3 hxg5 20. Bxg5 Qd8 21. Bxe7 Qxe7 22. Qf4 Kh8 23. Kg2 Rg8 24. Rh1 f6 25. h6 g5 26. Qg3 Nxe5 27. Rae1 Ng6 28. Rh2 Nf4+ 29. Kh1 c4 30. Re4 cxd3 31. h7 Rgc8 32. Bd1 dxc2 33. Bxc2 Rxc2 34. Rxf4 gxf4 35. Qxf4 Rbc8 36. Rg2 e5 37. Qf5 Rc1+ 0-1

[Event "Kuwait Championship Stage-I 2024"]
[Site "Qadsiya"]
[Date "2024.01.30"]
[Round "7.4"]
[White "Almohammad, Hamad"]
[Black "Al-Hajiri, Bader"]
[Result "0-1"]
[ECO "A45"]
[WhiteElo "1296"]
[BlackElo "1890"]
[Annotator "NA RC"]
[PlyCount "42"]
[EventDate "2024.01.22"]
[EventType "swiss"]
[EventCountry "KUW"]
[SourceTitle "playchess.com"]
[Source "ChessBase"]
[SourceQuality "1"]
[TimeControl "5400+30"]

1. d4 Nf6 2. Bf4 g6 3. e3 Bg7 4. Bd3 d6 5. Nc3 O-O 6. h4 a6 7. h5 Nxh5 8. Rxh5 gxh5 9. Qxh5 f5 10. Nf3 Qe8 11. Qh2 Nd7 12. g4 e5 13. Ng5 h6 14. Bc4+ Kh8 15. dxe5 dxe5 16. Ne6 exf4 17. Nxc7 Ne5 18. Bd5 Qd8 19. O-O-O Qxc7 20. g5 fxe3 21. gxh6 Nd3+ 0-1

[Event "Kuwait Championship Stage-I 2024"]
[Site "Qadsiya"]
[Date "2024.01.30"]
[Round "7.5"]
[White "Hashem, Khaled"]
[Black "Alrefae, Ahmad"]
[Result "1-0"]
[ECO "A92"]
[WhiteElo "1868"]
[BlackElo "1338"]
[Annotator "NA RC"]
[PlyCount "66"]
[EventDate "2024.01.22"]
[EventType "swiss"]
[EventCountry "KUW"]
[SourceTitle "playchess.com"]
[Source "ChessBase"]
[SourceQuality "1"]
[TimeControl "5400+30"]

1. Nf3 f5 2. g3 Nf6 3. Bg2 d6 4. d4 e6 5. c4 Be7 6. Nc3 O-O 7. Qc2 a5 8. e4 fxe4 9. Nxe4 Nc6 10. a3 e5 11. dxe5 dxe5 12. Bg5 Nxe4 13. Bxe7 Qxe7 14. Qxe4 Bf5 15. Qe3 Rad8 16. O-O Rd3 17. Qg5 Qd6 18. Nh4 Be6 19. Be4 Rd4 20. Rfe1 Rd2 21. Nf3 Rxb2 22. Qc1 Rb3 23. Ng5 Bf5 24. Bd5+ Kh8 25. Nf7+ Rxf7 26. Bxf7 Qf6 27. Bd5 Nd4 28. Ra2 Nf3+ 29. Bxf3 Rxf3 30. Rae2 e4 31. Re3 h6 32. Rxf3 exf3 33. Qf4 Qc3 1-0

[Event "Kuwait Championship Stage-I 2024"]
[Site "Qadsiya"]
[Date "2024.01.30"]
[Round "7.6"]
[White "Al Subaie, Nasser"]
[Black "Alasfour, Zaid"]
[Result "1/2-1/2"]
[ECO "D08"]
[WhiteElo "1457"]
[BlackElo "1188"]
[Annotator "NA RC"]
[PlyCount "105"]
[EventDate "2024.01.22"]
[EventType "swiss"]
[EventCountry "KUW"]
[SourceTitle "playchess.com"]
[Source "ChessBase"]
[SourceQuality "1"]
[TimeControl "5400+30"]

1. d4 d5 2. c4 e5 3. dxe5 d4 4. a3 Nc6 5. Nf3 Nge7 6. b4 Ng6 7. Bb2 Ngxe5 8. Nxe5 Nxe5 9. e3 Be6 10. c5 Qh4 11. Qxd4 Qxd4 12. Bxd4 Nc6 13. Bc3 a5 14. b5 Nd8 15. Bd4 Bf5 16. Bc4 Ne6 17. Bxe6 Bxe6 18. Nd2 f6 19. O-O O-O-O 20. Rfc1 Be7 21. a4 Rhe8 22. Nc4 Bxc4 23. Rxc4 Bf8 24. Rac1 Rd5 25. g3 Red8 26. Kg2 f5 27. Bc3 Rxc5 28. Bxa5 Rxc4 29. Rxc4 Bd6 30. Bc3 g6 31. h4 Kd7 32. h5 Be7 33. hxg6 hxg6 34. e4 b6 35. exf5 gxf5 36. a5 Bc5 37. axb6 cxb6 38. g4 Ke6 39. gxf5+ Kxf5 40. Kf1 Rd1+ 41. Ke2 Rb1 42. Bd4 Bxd4 43. Rxd4 Rxb5 44. Ke3 Rb3+ 45. Kd2 Ke5 46. Kc2 Rf3 47. Rd2 Ke6 48. Kb2 b5 49. Ka2 Ke5 50. Kb2 Ke4 51. Ka2 b4 52. Rd3 Rxd3 53. f4 1/2-1/2

[Event "Kuwait Championship Stage-I 2024"]
[Site "Qadsiya"]
[Date "2024.01.30"]
[Round "7.7"]
[White "Alruwayeh, Talal"]
[Black "Alghanim, Faisal"]
[Result "1-0"]
[ECO "B10"]
[WhiteElo "1407"]
[BlackElo "1280"]
[Annotator "NA RC"]
[PlyCount "141"]
[EventDate "2024.01.22"]
[EventType "swiss"]
[EventCountry "KUW"]
[SourceTitle "playchess.com"]
[Source "ChessBase"]
[SourceQuality "1"]
[TimeControl "5400+30"]

1. e4 c6 2. c4 d5 3. cxd5 cxd5 4. exd5 Nf6 5. Nc3 Nxd5 6. Qa4+ Bd7 7. Bb5 Nxc3 8. Bxd7+ Qxd7 9. Qxd7+ Nxd7 10. dxc3 Ne5 11. Ke2 Rd8 12. Be3 a6 13. Nf3 Nc4 14. Bd4 b5 15. b3 Nd6 16. Rhd1 e6 17. Bb6 Rc8 18. Rd3 Be7 19. Rad1 Rc6 20. Ba5 Nb7 21. Bb4 Bxb4 22. cxb4 Rc2+ 23. Ke1 Rc7 24. Ne5 O-O 25. Rd7 Rxd7 26. Rxd7 Nd8 27. Ra7 f6 28. Nd3 Nc6 29. Rxa6 Nd4 30. Rd6 e5 31. Kd2 Ra8 32. Nc1 Rc8 33. a4 Kf8 34. a5 Ke7 35. Rd5 Ke6 36. Rc5 Rxc5 37. bxc5 Kd5 38. b4 Kc6 39. Kc3 h5 40. f3 Ne6 41. Ne2 Nc7 42. Ng3 g6 43. Ne4 Nd5+ 44. Kb3 Kc7 45. h4 Kb7 46. Nc3 Nc7 47. Ne4 f5 48. Nc3 Kc6 49. Kc2 Na6 50. Na2 Kb7 51. Kd3 Nc7 52. Nc3 Na6 53. Nxb5 Nxb4+ 54. Kc4 Nc6 55. Nd6+ Ka6 56. Kd5 Ne7+ 57. Kxe5 Kxa5 58. Kf6 Nd5+ 59. Kxg6 Nf4+ 60. Kxf5 Nxg2 61. Kg5 Ne1 62. f4 Nd3 63. Ne4 Kb5 64. f5 Ne5 65. Kxh5 Kc6 66. Kg5 Nf3+ 67. Kg4 Ne5+ 68. Kf4 Nf7 69. h5 Kd5 70. f6 Ke6 71. Ng5+ 1-0

[Event "Kuwait Championship Stage-I 2024"]
[Site "Qadsiya"]
[Date "2024.01.30"]
[Round "7.9"]
[White "Alsayer, Bader"]
[Black "Qabazard, Mohamed"]
[Result "1-0"]
[ECO "B43"]
[WhiteElo "1260"]
[BlackElo "1533"]
[Annotator "NA RC"]
[PlyCount "69"]
[EventDate "2024.01.22"]
[EventType "swiss"]
[EventCountry "KUW"]
[SourceTitle "playchess.com"]
[Source "ChessBase"]
[SourceQuality "1"]
[TimeControl "5400+30"]

1. e4 c5 2. Nf3 e6 3. d4 cxd4 4. Nxd4 a6 5. Nc3 Qc7 6. Be3 Nf6 7. f3 Bb4 8. Qd2 O-O 9. g4 d5 10. g5 Nh5 11. Bh3 e5 12. Nf5 Bxf5 13. Bxf5 d4 14. Bxd4 exd4 15. Qxd4 Bxc3+ 16. bxc3 Nc6 17. Qe3 Nf4 18. Kf2 Nh5 19. Bg4 Nf4 20. h4 Qe5 21. Rag1 Rfe8 22. h5 Rad8 23. Bf5 Na5 24. g6 fxg6 25. hxg6 h6 26. Rg4 Nd5 27. Qc1 Ne7 28. Rxh6 gxh6 29. Qxh6 Qg7 30. Be6+ Kf8 31. Rf4+ Nf5 32. Rxf5+ Ke7 33. Qxg7+ Kxe6 34. Qe5+ Kd7 35. Rf7+ 1-0

[Event "Kuwait Championship Stage-I 2024"]
[Site "Qadsiya"]
[Date "2024.01.30"]
[Round "7.10"]
[White "Alsuwailem, Othman"]
[Black "Khalaf, Ali"]
[Result "0-1"]
[ECO "A22"]
[WhiteElo "1366"]
[BlackElo "1426"]
[Annotator "NA RC"]
[PlyCount "62"]
[EventDate "2024.01.22"]
[EventType "swiss"]
[EventCountry "KUW"]
[SourceTitle "playchess.com"]
[Source "ChessBase"]
[SourceQuality "1"]
[TimeControl "5400+30"]

1. c4 e5 2. Nc3 Nf6 3. d3 Bb4 4. g3 O-O 5. Bg2 c6 6. Qb3 Bc5 7. Bg5 Bxf2+ 8. Kd2 Bc5 9. Rf1 Be7 10. h4 Qb6 11. Qxb6 axb6 12. a3 h6 13. Bxf6 Bxf6 14. g4 d6 15. g5 hxg5 16. Ne4 Be7 17. hxg5 f5 18. gxf6 gxf6 19. Rf3 Rf7 20. Nh3 d5 21. cxd5 cxd5 22. Nc3 Be6 23. Nb5 Na6 24. Rc1 Rg7 25. Bh1 Rc8 26. Rg1 Rxg1 27. Nxg1 Nc5 28. d4 Ne4+ 29. Kd3 Rc1 30. Bg2 Rxg1 31. Bh3 Bxh3 0-1

[Event "Kuwait Championship Stage-I 2024"]
[Site "Qadsiya"]
[Date "2024.01.30"]
[Round "7.12"]
[White "Husain, Sulaiman A.M."]
[Black "Alruwaiyeh, Musa"]
[Result "1/2-1/2"]
[ECO "B07"]
[WhiteElo "1636"]
[BlackElo "1505"]
[Annotator "NA RC"]
[PlyCount "83"]
[EventDate "2024.01.22"]
[EventType "swiss"]
[EventCountry "KUW"]
[SourceTitle "playchess.com"]
[Source "ChessBase"]
[SourceQuality "1"]
[TimeControl "5400+30"]

1. e4 d6 2. d4 Nf6 3. Nc3 g6 4. f3 Bg7 5. Be3 c6 6. Qd2 e6 7. O-O-O b5 8. g4 Qa5 9. Kb1 Na6 10. Nxb5 Qxd2 11. Nxd6+ Kd7 12. Rxd2 Kxd6 13. e5+ Ke7 14. exf6+ Bxf6 15. g5 Bg7 16. Bg2 Rb8 17. c3 Rd8 18. Ne2 c5 19. Rhd1 c4 20. d5 exd5 21. Rxd5 Rxd5 22. Rxd5 Bb7 23. Ra5 Nc7 24. Rxa7 Nb5 25. Bf4 Nxa7 26. Bxb8 Nc6 27. f4 Nxb8 28. Bxb7 Kd6 29. b3 cxb3 30. axb3 h6 31. h4 f6 32. c4 fxg5 33. hxg5 hxg5 34. fxg5 Bf8 35. Be4 Be7 36. Bxg6 Bxg5 37. Kc2 Nc6 38. Kc3 Kc5 39. Nd4 Bf6 40. Be8 Bxd4+ 41. Kd3 Nb4+ 42. Ke4 1/2-1/2

[Event "Kuwait Championship Stage-I 2024"]
[Site "Qadsiya"]
[Date "2024.01.31"]
[Round "8.1"]
[White "Al-Hajiri, Bader"]
[Black "Alhejab, Meshal"]
[Result "1-0"]
[ECO "E53"]
[WhiteElo "1890"]
[BlackElo "1787"]
[Annotator "NA RC"]
[PlyCount "115"]
[EventDate "2024.01.22"]
[EventType "swiss"]
[EventCountry "KUW"]
[SourceTitle "playchess.com"]
[Source "ChessBase"]
[SourceQuality "1"]
[TimeControl "5400+30"]

1. d4 Nf6 2. c4 e6 3. Nc3 Bb4 4. e3 O-O 5. Bd3 d5 6. Nf3 c5 7. a3 Bxc3+ 8. bxc3 dxc4 9. Bxc4 Qc7 10. Qd3 Rd8 11. O-O b6 12. e4 h6 13. e5 Nd5 14. Nd2 Nc6 15. Ne4 cxd4 16. cxd4 Nde7 17. Nd6 Nf5 18. Bf4 g5 19. Bg3 Ncxd4 20. h4 Nxg3 21. fxg3 Nf5 22. Rxf5 exf5 23. hxg5 Qc5+ 24. Kh2 hxg5 25. Bxf7+ Kg7 26. Ne8+ Rxe8 27. Bxe8 Qxe5 28. Bc6 Qxa1 29. Bxa8 Qe5 30. Qd8 Qe6 31. Qxg5+ Kh7 32. Qd8 Bd7 33. Qc7 a5 34. Bf3 Kg6 35. Qd8 a4 36. Qh8 Kf7 37. Qh4 Qf6 38. Bh5+ Kg7 39. Qc4 b5 40. Qc7 Qe6 41. Qc5 Kf6 42. Bf3 Qf7 43. Be2 Qe8 44. Bd3 Kg7 45. Qd4+ Kf7 46. Qd5+ Qe6 47. Qc5 Qh6+ 48. Kg1 Qc6 49. Qe3 Qd5 50. Be2 Qe4 51. Qd2 Be6 52. Bxb5 Bd5 53. Bxa4 Ke6 54. Bc2 Qg4 55. Qe3+ Kf6 56. Qf4 Qg6 57. Qd6+ Be6 58. Bb3 1-0

[Event "Kuwait Championship Stage-I 2024"]
[Site "Qadsiya"]
[Date "2024.01.31"]
[Round "8.2"]
[White "Al Ibrahim, Abdulrahman"]
[Black "Alsaqer, Meshal"]
[Result "1-0"]
[ECO "C02"]
[WhiteElo "1854"]
[BlackElo "1753"]
[Annotator "NA COMBH"]
[PlyCount "57"]
[EventDate "2024.01.22"]
[EventType "swiss"]
[EventCountry "KUW"]
[SourceTitle "playchess.com"]
[Source "ChessBase"]
[SourceQuality "1"]
[TimeControl "5400+30"]

1. e4 e6 2. d4 d5 3. e5 c5 4. c3 Qb6 5. Nf3 Bd7 6. Be2 cxd4 7. cxd4 Bb5 8. O-O Bxe2 9. Qxe2 Nc6 10. Nc3 Nge7 11. Na4 Qc7 12. b3 Nf5 13. Bb2 Be7 14. Rac1 O-O 15. g4 Nh4 16. Nxh4 Bxh4 17. f4 Be7 18. Nc5 b6 19. Nd3 Qd7 20. f5 Bg5 21. Nf4 Rac8 22. f6 g6 23. Nh3 Bxc1 24. Bxc1 Rfd8 25. Ba3 h6 26. Qe3 Kh7 27. Bc1 g5 28. Nxg5+ Kg8 29. Nh7 1-0

[Event "Kuwait Championship Stage-I 2024"]
[Site "Qadsiya"]
[Date "2024.01.31"]
[Round "8.3"]
[White "Hussain, Hashem"]
[Black "Hashem, Khaled"]
[Result "1-0"]
[ECO "C60"]
[WhiteElo "1642"]
[BlackElo "1868"]
[Annotator "NA RC"]
[PlyCount "75"]
[EventDate "2024.01.22"]
[EventType "swiss"]
[EventCountry "KUW"]
[SourceTitle "playchess.com"]
[Source "ChessBase"]
[SourceQuality "1"]
[TimeControl "5400+30"]

1. e4 e5 2. Nf3 Nc6 3. Bb5 Nge7 4. O-O g6 5. c3 Bg7 6. d4 exd4 7. cxd4 O-O 8. d5 Nb8 9. d6 cxd6 10. Qxd6 a6 11. Bc4 b5 12. Bb3 h6 13. Ne5 Bxe5 14. Qxe5 Kh7 15. Nc3 Bb7 16. h4 Nbc6 17. Qf4 Ng8 18. Be3 Qe7 19. Rad1 Ne5 20. Nd5 Bxd5 21. Rxd5 d6 22. Rfd1 Rad8 23. Bd2 Qf6 24. Be3 Qe7 25. a4 bxa4 26. Bxa4 f5 27. Bb6 Nf6 28. Bxd8 Rxd8 29. Ra5 Nxe4 30. Rxa6 Nc5 31. Ra5 Rb8 32. Qd4 Ned3 33. Bc2 Rb4 34. Qc3 Qb7 35. Bxd3 Rb3 36. Qd4 Qb6 37. Ra8 Rxb2 38. Qh8# 1-0

[Event "Kuwait Championship Stage-I 2024"]
[Site "Qadsiya"]
[Date "2024.01.31"]
[Round "8.4"]
[White "Aldaihani, Turki"]
[Black "Alruwayeh, Talal"]
[Result "1-0"]
[ECO "B12"]
[WhiteElo "1475"]
[BlackElo "1407"]
[Annotator "NA RC"]
[PlyCount "71"]
[EventDate "2024.01.22"]
[EventType "swiss"]
[EventCountry "KUW"]
[SourceTitle "playchess.com"]
[Source "ChessBase"]
[SourceQuality "1"]
[TimeControl "5400+30"]

1. e4 c6 2. d4 d6 3. Nc3 a6 4. a4 Nd7 5. f4 e5 6. Nf3 Be7 7. fxe5 dxe5 8. dxe5 Nf8 9. Bd3 Be6 10. Be3 Ng6 11. O-O Qc7 12. Bd4 Rd8 13. a5 c5 14. Bf2 Nxe5 15. Bg3 f6 16. Nxe5 fxe5 17. Qh5+ g6 18. Qxe5 Qd7 19. Qxh8 Bf6 20. Rxf6 Qd4+ 21. Bf2 Qxf6 22. Qxf6 Nxf6 23. Bh4 Nd7 24. Bxd8 Kxd8 25. Nd5 Ne5 26. b3 h5 27. Rf1 Kd7 28. Rf8 Nc6 29. Nf4 Bg4 30. h3 Bd1 31. Kf2 Nd4 32. Rf7+ Kc8 33. e5 g5 34. Nd5 Bxc2 35. Bxc2 Nxc2 36. e6 1-0

[Event "Kuwait Championship Stage-I 2024"]
[Site "Qadsiya"]
[Date "2024.01.31"]
[Round "8.5"]
[White "Alabdaljader, Mohammed"]
[Black "Alenezi, Hamad"]
[Result "1-0"]
[ECO "B12"]
[WhiteElo "1353"]
[BlackElo "1419"]
[Annotator "NA RC"]
[PlyCount "209"]
[EventDate "2024.01.22"]
[EventType "swiss"]
[EventCountry "KUW"]
[SourceTitle "playchess.com"]
[Source "ChessBase"]
[SourceQuality "1"]
[TimeControl "5400+30"]

1. e4 c6 2. d4 d5 3. f3 e6 4. Nc3 Nf6 5. Bf4 Bb4 6. Qd3 Nbd7 7. e5 Nh5 8. Be3 g6 9. Nge2 Ng7 10. g4 h5 11. O-O-O Nb6 12. Kb1 Bd7 13. Nf4 Qe7 14. a3 Bxc3 15. Qxc3 O-O-O 16. h4 hxg4 17. Ng2 gxf3 18. Bg5 fxg2 19. Bxg2 Qf8 20. a4 Re8 21. a5 Nc4 22. Rh3 Nf5 23. Bf1 Kb8 24. Bxc4 dxc4 25. Qxc4 Ne7 26. Rb3 Ka8 27. Rdd3 Nd5 28. Qa4 Rb8 29. c4 Nc7 30. d5 exd5 31. cxd5 Nxd5 32. Rxd5 Bf5+ 33. Rdd3 Bxd3+ 34. Rxd3 Qc5 35. a6 bxa6 36. Be3 Qb5 37. Qd4 Qb7 38. Rb3 Qc7 39. Rc3 Rhd8 40. Qe4 Qb7 41. Qg2 Rd1+ 42. Ka2 Rd5 43. Qc2 Rb5 44. b3 Rxe5 45. Bf4 Ra5+ 46. Kb2 Rc8 47. Bd6 Rd5 48. Bc5 Rcd8 49. Be3 Qd7 50. Rxc6 Rd2 51. Bxd2 Qxd2 52. Rc8+ Kb7 53. Rxd8 Qxd8 54. Qe4+ Kc7 55. Qf4+ Kc6 56. Qc4+ Kb6 57. b4 Qd2+ 58. Ka3 Qe3+ 59. Ka4 Qe8+ 60. Ka3 f5 61. Qd4+ Kb7 62. Qg7+ Kb8 63. Qd4 Qe6 64. Qf4+ Kc8 65. Qc1+ Kd8 66. Qd1+ Ke7 67. Qd4 Kf7 68. Qxa7+ Kf6 69. Qd4+ Kf7 70. Qa7+ Kg8 71. Qd4 Qf7 72. Qd6 f4 73. Qxa6 f3 74. Qf1 f2 75. b5 Qf3+ 76. Ka4 Qe4+ 77. Kb3 Kg7 78. Qxf2 Qd3+ 79. Kb4 Qd6+ 80. Ka5 Qd5 81. Ka6 Qc4 82. Kb6 Qe6+ 83. Ka7 Qd7+ 84. Ka6 Qc8+ 85. Ka5 Qa8+ 86. Kb4 Qe4+ 87. Kc5 Qe7+ 88. Kc6 Qe6+ 89. Kc7 Qe5+ 90. Kb6 Qd6+ 91. Ka7 Qc7+ 92. Ka6 Qc8+ 93. Ka5 Qa8+ 94. Kb4 Qe4+ 95. Kc3 Qh1 96. Qd4+ Kh7 97. Qd7+ Kh6 98. Qd2+ Kh7 99. Qd4 Qc1+ 100. Kb4 Qb1+ 101. Kc5 Qc2+ 102. Kb6 Qc8 103. Qd6 Kh6 104. Qf4+ Kh7 105. Qc7+ 1-0

[Event "Kuwait Championship Stage-I 2024"]
[Site "Qadsiya"]
[Date "2024.01.31"]
[Round "8.6"]
[White "Khalaf, Ali"]
[Black "Al Subaie, Nasser"]
[Result "1/2-1/2"]
[ECO "C27"]
[WhiteElo "1426"]
[BlackElo "1457"]
[Annotator "NA COMBH"]
[PlyCount "28"]
[EventDate "2024.01.22"]
[EventType "swiss"]
[EventCountry "KUW"]
[SourceTitle "playchess.com"]
[Source "ChessBase"]
[SourceQuality "1"]
[TimeControl "5400+30"]

1. e4 e5 2. Bc4 Nf6 3. Nc3 Bc5 4. d3 c6 5. Qf3 b5 6. Bb3 a5 7. a4 b4 8. Nd1 d5 9. exd5 Bg4 10. Qg3 h5 11. Qxe5+ Be7 12. d6 Qxd6 13. Qxd6 Bxd6 14. Ne3 O-O 1/2-1/2

[Event "Kuwait Championship Stage-I 2024"]
[Site "Qadsiya"]
[Date "2024.01.31"]
[Round "8.7"]
[White "Alasfour, Zaid"]
[Black "Alsayer, Bader"]
[Result "0-1"]
[ECO "B22"]
[WhiteElo "1188"]
[BlackElo "1260"]
[Annotator "NA COMBH"]
[PlyCount "78"]
[EventDate "2024.01.22"]
[EventType "swiss"]
[EventCountry "KUW"]
[SourceTitle "playchess.com"]
[Source "ChessBase"]
[SourceQuality "1"]
[TimeControl "5400+30"]

1. e4 c5 2. c3 Nc6 3. d4 cxd4 4. cxd4 e6 5. Nc3 g6 6. Bc4 Nge7 7. Nf3 Bg7 8. O-O O-O 9. Re1 d5 10. exd5 exd5 11. Bb3 Bg4 12. Be3 Qd7 13. Qe2 Nf5 14. Bxd5 Nfxd4 15. Bxd4 Nxd4 16. Qd3 Nxf3+ 17. gxf3 Bf5 18. Qc4 Rac8 19. Qb3 Qd8 20. Be4 Be6 21. Qb5 a6 22. Qf1 Qh4 23. Qg2 Be5 24. Bxb7 Bh3 25. Re4 Qh6 26. Bxc8 Bxg2 27. Rxe5 Bxf3 28. Bxa6 Qf4 29. Re2 Qg4+ 30. Kf1 Qg2+ 31. Ke1 Qg1+ 32. Kd2 Qxa1 33. Re3 Rd8+ 34. Kc2 Bd1+ 35. Nxd1 Qxd1+ 36. Kc3 Qc1+ 37. Kb3 Rb8+ 38. Ka3 Qc5+ 39. b4 Qxb4# 0-1